 Dungeon Crawl Stone Soup version 0.32-a0-711-g016ad743e0 (webtiles) character file.

Game seed: 14064218407590767251

1458 fernweh the Thrower (level 8, -1/60 HPs)
             Began as a Gnoll Wanderer on Feb 12, 2024.
             Slain by an orc wizard
             ... wielding a +0 dagger
              (2 damage)
             ... on level 6 of the Dungeon on Mar 16, 2024.
             The game lasted 00:27:09 (5145 turns).

fernweh the Thrower (Gnoll Wanderer)                Turns: 5145, Time: 00:27:09

Health: -1/60      AC:  2    Str: 15    XL:     8   Next: 76%
Magic:  22/22      EV:  8    Int: 10    God:
Gold:   214        SH:  0    Dex: 12    Spells: 12/14 levels left

rFire   . . .        G - +4 dagger (venom)
rCold   . . .        (no shield)
rNeg    . . .        b - +0 chain mail
rPois   .            s - +2 helmet
rElec   .            l - +0 cloak
rCorr   .            z - +0 pair of gloves
SInv    +            u - +0 pair of boots
Will    .....        e - amulet of magic regeneration Stlth
                     D - ring of magical power
HPRegen 0.30/turn    r - ring of see invisible
MPRegen 0.18/turn

%: no passive effects
@: corroded
A: fangs 1, strong nose, distributed training
a: no special abilities


You were on level 6 of the Dungeon.
You visited 1 branch of the dungeon, and saw 6 of its levels.

You collected 214 gold pieces.

Inventory:

Hand Weapons
 a - a +0 mace
 d - a +0 dagger
 h - a +0 dagger
 i - a +1 dagger of draining
 n - a +0 trident
 B - a +2 dagger of pain
 E - a +0 long sword
 G - a +4 dagger of venom (weapon)
Missiles
 c - 34 poisoned darts
 o - 70 stones
Armour
 b - a +0 chain mail (worn)
 l - a +0 cloak (worn)
 s - a +2 helmet (worn)
 t - a +0 leather armour
 u - a +0 pair of boots (worn)
 z - a +0 pair of gloves (worn)
Jewellery
 e - an amulet of magic regeneration (around neck)
 r - a ring of see invisible (right hand)
 D - a ring of magical power (left hand)
Wands
 A - a wand of mindburst (8) (quivered)
Scrolls
 m - a scroll of poison {unknown}
 q - a scroll of revelation {unknown}
 v - 2 scrolls of teleportation {unknown}
 y - a scroll of vulnerability {unknown}
 C - a scroll of identify {unknown}
 F - 2 scrolls of amnesia {unknown}
 H - a scroll of immolation {unknown}
 J - a scroll of torment {unknown}
 L - a scroll of fear
Potions
 f - a potion of might {unknown}
 g - 2 potions of curing {unknown}
 j - a potion of degeneration {unknown}
 k - a potion of berserk rage {unknown}
 p - 3 potions of brilliance {unknown}
 w - 2 potions of ambrosia {unknown}
 x - a potion of resistance {unknown}
 I - a potion of mutation {unknown}
 K - a potion of haste {unknown}
 M - a potion of invisibility {unknown}


   Skills:
 + Level 3.7 Fighting
 + Level 3.7 Short Blades
 + Level 3.7 Long Blades
 + Level 3.7 Axes
 + Level 4.5 Maces & Flails
 + Level 3.7 Polearms
 + Level 3.7 Staves
 + Level 3.7 Ranged Weapons
 + Level 9.3 Throwing
 + Level 7.6 Armour
 + Level 4.5 Dodging
 + Level 3.7 Stealth
 + Level 3.7 Shields
 + Level 3.7 Unarmed Combat
 + Level 3.7 Spellcasting
 + Level 3.0 Conjurations
 + Level 3.0 Hexes
 + Level 3.0 Summonings
 + Level 3.0 Necromancy
 + Level 3.0 Translocations
 + Level 3.0 Fire Magic
 + Level 3.0 Ice Magic
 + Level 3.0 Air Magic
 + Level 3.0 Earth Magic
 + Level 3.0 Alchemy
 + Level 4.0 Invocations
 + Level 4.5 Evocations
 + Level 3.3 Shapeshifting


You had 12 spell levels left.
You knew the following spells:

 Your Spells              Type           Power      Damage    Failure   Level
a - Ensorcelled Hibernat  Hex/Ice        14%        N/A       75%         2

Your spell library contained the following spells:

 Spells                   Type           Power      Damage    Failure   Level
 Blink                    Tloc           14%        N/A       75%         2
 Lesser Beckoning         Tloc           14%        N/A       75%         2
 Momentum Strike          Conj/Tloc      14%        3d8       75%         2
 Fugue of the Fallen      Necr           7%         N/A       93%         3
 Tukima's Dance           Hex            7%         N/A       93%         3
 Anguish                  Hex/Necr       3%         N/A       100%        4
 Passage of Golubria      Tloc           7%         N/A       100%        4
 Yara's Violent Unravell  Hex/Alch       3%         3d4       100%        5


Dungeon Overview and Level Annotations

Branches:
Dungeon (6/15)             Temple (0/1) D:4

Altars:
Fedhas
Kikubaaqudgha
Vehumet


Innate Abilities, Weirdness & Mutations

You have very sharp teeth.
Your uncanny sense of smell can sniff out nearby items.
Your experience applies equally to all skills.


Message History

You bite the jelly, but do no damage.
The jelly is severely wounded.
The jelly closely misses you.
You hit the jelly.
Your hands burn!
The jelly is almost dead.
The jelly hits you but does no damage.
You hit the jelly but do no damage. The acid corrodes you!
Your hands burn!
The jelly is almost dead.
The jelly hits you but does no damage.
You hit the jelly but do no damage.
Your hands burn!
The jelly is almost dead.
The jelly hits you but does no damage.
You barely miss the jelly.
The jelly is almost dead.
You hit the jelly but do no damage. The acid corrodes you!
Your hands burn!
The jelly is almost dead.
The jelly hits you. The acid corrodes you!
You are splashed with acid!
You hit the jelly but do no damage. The acid corrodes you!
Your hands burn!
The jelly is almost dead.
The jelly hits you. The acid corrodes you!
You are splashed with acid!
* * * LOW HITPOINT WARNING * * *
You hit the jelly but do no damage.
Your hands burn!
* * * LOW HITPOINT WARNING * * *
The jelly is almost dead.
An orc comes into view. It is wielding a +0 dagger.
The orc wizard hits you with a +0 dagger.
* * * LOW HITPOINT WARNING * * *
The jelly hits you.
* * * LOW HITPOINT WARNING * * *
You are splashed with acid!
* * * LOW HITPOINT WARNING * * *
The orc shouts!
You hit the jelly but do no damage.
Your hands burn!
* * * LOW HITPOINT WARNING * * *
You bite the jelly, but do no damage.
The jelly is almost dead.
The orc hits you with a +0 club.
* * * LOW HITPOINT WARNING * * *
The orc wizard hits you with a +0 dagger.
You die...

#.....##.##..........
###..o>......
##..##...........
......oJo......
#......@.......
###............
##...<.......
#.#.†.......
#..........[
#...........
##..........
###.....?.. #........


You could see a jelly, an orc wizard (invisible) and 3 orcs.

Vanquished Creatures
  Menkaure (D:4)
  Duvessa (D:4)
  An ice beast (D:5)
  2 ogres
  3 necrophages (D:4)
  Dowan (D:4)
  A howler monkey (D:4)
  A bullfrog zombie (D:4)
  A human zombie (D:4)
  A bombardier beetle (D:5)
  2 jellies
  A centaur skeleton (D:4)
  An orc priest (D:5)
  A hound (D:5)
  Jessica (D:2)
  3 iguanas
  2 sleepcaps
  An orc wizard (D:5)
  A hound zombie (D:4)
  Robin (D:4)
  10 adders
  3 shadow imps
  2 ufetubi (D:5)
  An adder zombie (D:4)
  2 adder skeletons (D:4)
  3 dart slugs
  4 ribbon worms
  16 orcs
  7 ball pythons
  8 endoplasms
  3 giant cockroaches
  15 goblins
  9 hobgoblins
  5 kobolds
  2 quokkas
  2 bats (D:3)
  4 frilled lizards
  3 rats
126 creatures vanquished.

Notes
Turn   | Place    | Note
-------+----------+-------------------------------------------
     0 | D:1      | fernweh the Gnoll Wanderer began the quest for the Orb.
     0 | D:1      | fernweh set off with the following items: a +0 mace, a +0
                  | chain mail, 11 poisoned darts, a +0 dagger, a scroll of
                  | fear.
     0 | D:1      | Reached XP level 1. HP: 13/13 MP: 1/1
     6 | D:1      | You fall into a shaft and drop 1 floor!
    36 | D:2      | Noticed Jessica
    91 | D:1      | Reached XP level 2. HP: 13/19 MP: 2/2
   498 | D:1      | Reached XP level 3. HP: 25/25 MP: 3/3
   545 | D:1      | Learned a level 2 spell: Ensorcelled Hibernation
   894 | D:2      | Reached skill level 1 in Invocations
   958 | D:2      | Reached skill level 1 in Fighting
   958 | D:2      | Reached skill level 1 in Short Blades
   958 | D:2      | Reached skill level 1 in Long Blades
   958 | D:2      | Reached skill level 1 in Axes
   958 | D:2      | Reached skill level 1 in Polearms
   958 | D:2      | Reached skill level 1 in Staves
   958 | D:2      | Reached skill level 1 in Ranged Weapons
   958 | D:2      | Reached skill level 1 in Stealth
   958 | D:2      | Reached skill level 1 in Shields
   958 | D:2      | Reached skill level 1 in Unarmed Combat
   958 | D:2      | Reached skill level 1 in Spellcasting
  1118 | D:2      | Reached skill level 1 in Shapeshifting
  1118 | D:2      | Reached XP level 4. HP: 30/32 MP: 5/5
  1219 | D:2      | Killed Jessica
  1220 | D:2      | Reached skill level 1 in Conjurations
  1220 | D:2      | Reached skill level 1 in Hexes
  1220 | D:2      | Reached skill level 1 in Summonings
  1220 | D:2      | Reached skill level 1 in Necromancy
  1220 | D:2      | Reached skill level 1 in Translocations
  1220 | D:2      | Reached skill level 1 in Fire Magic
  1220 | D:2      | Reached skill level 1 in Ice Magic
  1220 | D:2      | Reached skill level 1 in Air Magic
  1220 | D:2      | Reached skill level 1 in Earth Magic
  1220 | D:2      | Reached skill level 1 in Alchemy
  1899 | D:3      | Reached XP level 5. HP: 37/37 MP: 7/7
  2357 | D:4      | Found a radiant altar of Vehumet.
  2566 | D:4      | Noticed Robin
  2586 | D:4      | Killed Robin
  2805 | D:4      | Noticed Menkaure
  2807 | D:4      | Killed Menkaure
  2808 | D:4      | Reached XP level 6. HP: 44/44 MP: 9/9
  3021 | D:4      | Noticed Duvessa
  3037 | D:4      | Noticed Dowan
  3045 | D:4      | Killed Duvessa
  3046 | D:4      | Reached XP level 7. HP: 35/51 MP: 10/10
  3051 | D:4      | Killed Dowan
  3243 | D:4      | Reached skill level 9 in Throwing
  3502 | D:4      | Found an ancient bone altar of Kikubaaqudgha.
  3536 | D:4      | Reached XP level 8. HP: 52/58 MP: 12/12
  3664 | D:4      | Found a staircase to the Ecumenical Temple.
  3825 | D:4      | Upgraded the game from 0.32-a0-163-g159c032296 to
                  | 0.32-a0-411-g744942f433
  3826 | D:4      | Upgraded the game from 0.32-a0-411-g744942f433 to
                  | 0.32-a0-485-g70f7560b1c
  3868 | D:5      | Entered Level 5 of the Dungeon
  4112 | D:5      | Found a blossoming altar of Fedhas.
  4996 | D:5      | Upgraded the game from 0.32-a0-485-g70f7560b1c to
                  | 0.32-a0-711-g016ad743e0
  5145 | D:6      | HP: 1/60 [acid (4)]
  5145 | D:6      | Slain by an orc wizard

Illustrated notes

Levels and vault maps discovered:
D:1:      dpeg_arrival_leaves_temple_mockup, layout_rooms
D:2:      layout_rooms, grunt_ministairs_13, uniq_jessica
D:3:      layout_basic
D:4:      layout_loops_ring, mainiacjoe_overflow_cross_hatched,
          lemuel_mausoleum_altar_kikubaaqudgha, minmay_temple_entry_junction,
          uniq_duvessa, uniq_menkaure, uniq_robin
D:5:      layout_loops_ring, fedhas_altar_3
D:6:      layout_rooms, uniq_crazy_yiuf_cottage

Skill      XL: |  1  2  3  4  5  6  7  8 |
---------------+-------------------------+-----
Invocations    | 1 2 3 4 |  4.0
Fighting       | 1 2 3 |  3.7
Short Blades   | 1 2 3 |  3.7
Long Blades    | 1 2 3 |  3.7
Axes           | 1 2 3 |  3.7
Polearms       | 1 2 3 |  3.7
Staves         | 1 2 3 |  3.7
Ranged Weapons | 1 2 3 |  3.7
Stealth        | 1 2 3 |  3.7
Shields        | 1 2 3 |  3.7
Unarmed Combat | 1 2 3 |  3.7
Spellcasting   | 1 2 3 |  3.7
Shapeshifting  | 1 2 3 |  3.3
Conjurations   | 1 2 3 |  3.0
Hexes          | 1 2 3 |  3.0
Summonings     | 1 2 3 |  3.0
Necromancy     | 1 2 3 |  3.0
Translocations | 1 2 3 |  3.0
Fire Magic     | 1 2 3 |  3.0
Ice Magic      | 1 2 3 |  3.0
Air Magic      | 1 2 3 |  3.0
Earth Magic    | 1 2 3 |  3.0
Alchemy        | 1 2 3 |  3.0
Maces & Flails | 3 4 |  4.5
Dodging        | 3 4 |  4.5
Evocations     | 3 4 |  4.5
Armour         | 7 |  7.6
Throwing       | 9 |  9.3

Action                     |  1- 3 |  4- 6 |  7- 9 || total
---------------------------+-------+-------+-------++-------
  Melee: Mace              |    96 |   122 |       ||   218
         Bite              |     4 |    28 |    38 ||    70
         Punch             |       |     4 |       ||     4
         Dagger            |       |   140 |   271 ||   411
  Throw: Dart              |     6 |     9 |     1 ||    16
  Evoke: Wand              |       |     2 |     1 ||     3
    Use: Scroll            |     1 |     5 |       ||     6
 Armour: Chain mail        |   102 |   192 |   191 ||   485
         Leather armour    |       |    35 |       ||    35
  Dodge: Dodged            |    56 |   117 |    89 ||   262

Table legend: (Time is in decaauts)
 A = Elapsed time spent in this place.
 B = Non-inter-level travel time spent in this place.
 C = Inter-level travel time spent in this place.
 D = Time resting spent in this place.
 E = Time spent auto-exploring this place.
 F = Levels seen in this place.
 G = Mean time per level.
                   A        B        C        D        E       F      G
               +--------+--------+--------+--------+--------+-----+--------+
         Total |   5147 |   5002 |    145 |    776 |   2584 |   6 |  857.8 |
       Dungeon |   5147 |   5002 |    145 |    776 |   2584 |   6 |  857.8 |
               +--------+--------+--------+--------+--------+-----+--------+

Top non-repeatable levels by time:
     D:4: 1604 daAuts
     D:5: 1211 daAuts
     D:3: 848 daAuts
     D:1: 778 daAuts
     D:2: 664 daAuts
     D:6: 40 daAuts
